 Dungeon Crawl Stone Soup version 0.29-a0-817-g9904bce7a6 (webtiles) character file.

Game seed: 5014562415334409560

178 gobodom the Chopper (level 5, -7/47 HPs)
             Began as a Minotaur Fighter on July 5, 2022.
             Was a Believer of Qazlal.
             Killed by nerve-wracking pain
             ... invoked by an orc priest
              (13 damage)
             ... on level 3 of the Dungeon.
             The game lasted 00:07:38 (2112 turns).

gobodom the Chopper (Minotaur Fighter)              Turns: 2112, Time: 00:07:39

Health: -7/47      AC:  9    Str: 20    XL:     5   Next: 32%
Magic:  4/4        EV:  9    Int:  5    God:    Qazlal [**....]
Gold:   72         SH:  7    Dex: 12    Spells: 4/4 levels left

rFire   . . .      SeeInvis .   a - +0 war axe
rCold   . . .      Faith    .   c - +0 buckler
rNeg    . . .      Spirit   .   b - +0 scale mail
rPois   .          Reflect  .   (helmet restricted)
rElec   .          Harm     .   (no cloak)
rCorr   .          Rampage  .   o - +0 pair of gloves
Will    .....                   g - +0 pair of boots
Stlth   ..........              (no amulet)
HPRegen 0.15/turn               (no ring)
MPRegen 0.09/turn               (no ring)

@: no status effects
A: horns 2, retaliatory headbutt
a: Renounce Religion, Upheaval


You were on level 3 of the Dungeon.
You worshipped Qazlal.
Qazlal was pleased with you.
You visited 1 branch of the dungeon, and saw 3 of its levels.

You collected 72 gold pieces.

Inventory:

Hand Weapons
 a - a +0 war axe (weapon)
Missiles
 f - 6 boomerangs (quivered)
 i - 5 poisoned darts
Armour
 b - a +0 scale mail (worn)
 c - a +0 buckler (worn)
 g - a +0 pair of boots (worn)
 o - a +0 pair of gloves (worn)
Magical Staves
 m - a staff of poison
Scrolls
 e - a scroll of poison {unknown}
 h - a scroll of amnesia {unknown}
 j - a scroll of magic mapping {unknown}
 k - a scroll of silence {unknown}
 n - 2 scrolls of teleportation {unknown}
 q - a scroll of fog {unknown}
 r - a scroll of enchant armour {unknown}
Potions
 d - 2 potions of might
 l - 2 potions of curing {unknown}
 p - 2 potions of lignification {unknown}


   Skills:
 + Level 4.3 Fighting
 + Level 5.3 Axes
 + Level 4.3 Armour
 + Level 0.4 Dodging
 + Level 4.2 Shields


You had 4 spell levels left.
You didn't know any spells.
Your spell library contained the following spells:

 Spells                   Type           Power      Damage    Failure   Level
 Sting                    Tmut/Pois      0%         1d3       88%         1
 Poisonous Vapours        Pois/Air       0%         N/A       96%         2
 Olgreb's Toxic Radiance  Pois           0%         N/A       100%        4


Dungeon Overview and Level Annotations

Branches:
Dungeon (3/15)

Altars:
Qazlal

Shops:
D:1 *


Innate Abilities, Weirdness & Mutations

You have a pair of horns on your head.
You reflexively headbutt those who attack you in melee.


Message History

The orc priest hits you with a +0 war axe.
The orc priest hits you but does no damage.
The orc priest invokes the aid of Beogh against you.
Beogh smites you!
You barely miss the orc priest. Your headbutt misses the orc priest.
The orc priest is almost dead.
You hit the orc priest. You barely miss the orc priest.
The orc priest hits you with a +0 war axe!
The orc priest calls upon Beogh to heal the orc priest.
The orc priest's wounds heal themselves!
You block the orc priest's attack.
The orc priest hits you with a +0 war axe.
The orc priest begins to cast a cantrip, but forgets the words!
The orc priest mumbles some strange prayers to Beogh against you.
Pain shoots through your body!
* * * LOW HITPOINT WARNING * * *
You slash the orc priest!
You kill the orc priest!
Qazlal accepts your kill.
You closely miss the orc priest. You barely miss the orc priest.
The orc priest misses you. You furiously retaliate!
You headbutt the orc priest.
The orc priest calls upon Beogh to heal the orc priest.
The orc priest is healed somewhat.
Your Axes skill increases to level 5!
You hit the orc priest. Your headbutt misses the orc priest.
The orc priest is moderately wounded.
You slash the orc priest! You block the orc priest's attack.
The orc priest hits you with a +0 whip.
* * * LOW HITPOINT WARNING * * *
You closely miss the orc priest. Your headbutt misses the orc priest.
The orc priest is heavily wounded.
You barely miss the orc priest. You block the orc priest's attack.
The orc priest calls upon Beogh to heal the orc priest.
The orc priest's wounds heal themselves!
The orc priest hits you with a +0 club.
* * * LOW HITPOINT WARNING * * *
The orc priest invokes the aid of Beogh against you.
Pain shoots through your body!
You die...

... # .. .
.. #.#.
#.#.
####...##
........##
#######)o#
#.##@o#
#...).#
#.....#
#.##### ##


You could see 2 orc priests.

Vanquished Creatures
  An orc priest (D:3)
  Robin (D:2)
  4 adders (D:2)
  3 worms (D:2)
  4 dart slugs
  6 orcs (D:3)
  4 endoplasms
  2 giant cockroaches (D:1)
  17 goblins
  8 hobgoblins
  2 quokkas
  2 ball pythons
  8 bats
  3 frilled lizards
  3 kobolds (D:2)
  5 rats
73 creatures vanquished.

Notes
Turn   | Place    | Note
-------+----------+-------------------------------------------
     0 | D:1      | gobodom the Minotaur Fighter began the quest for the Orb.
     0 | D:1      | Reached XP level 1. HP: 19/19 MP: 0/0
   186 | D:1      | Reached XP level 2. HP: 27/27 MP: 1/1
   366 | D:1      | Found a faded altar of an unknown god.
   370 | D:1      | Found Xoyzum's Assorted Antiques.
   721 | D:1      | Reached skill level 3 in Axes
   796 | D:1      | Reached XP level 3. HP: 31/33 MP: 2/2
  1099 | D:1      | Prayed at the altar of an unknown god.
  1099 | D:1      | Became a worshipper of Qazlal Stormbringer
  1099 | D:1      | Reached * piety under Qazlal
  1229 | D:2      | Noticed Robin
  1244 | D:2      | Reached XP level 4. HP: 28/40 MP: 3/3
  1244 | D:2      | Killed Robin
  1262 | D:2      | Reached skill level 4 in Axes
  1623 | D:2      | Reached ** piety under Qazlal
  2100 | D:3      | Reached XP level 5. HP: 43/47 MP: 4/4
  2111 | D:3      | Reached skill level 5 in Axes
  2112 | D:3      | Killed from afar by an orc priest

Illustrated notes

Levels and vault maps discovered:
D:1:      dpeg_arrival_pits, layout_loops_corners,
          hellmonk_ecumenical_altar_pennies_from_heaven, serial_shops, shop,
          chequers_serial_rivers_micro_b
D:2:      layout_loops_ring, hangedman_abyss_or_decor_lesser_grid, uniq_robin
D:3:      layout_basic, uniq_sigmund

Skill      XL: |  1  2  3  4  5 |
---------------+----------------+-----
Fighting       | 4 |  4.3
Shields        | 4 |  4.2
Armour         | 4 |  4.3
Axes           | 3 4 5 |  5.3
Dodging        | |  0.4

Action                   |  1- 3 |  4- 6 || total
-------------------------+-------+-------++-------
Melee: War axe           |    88 |    57 ||   145
       Headbutt          |     7 |     8 ||    15
Invok: Upheaval          |       |     1 ||     1
Armor: Scale mail        |    64 |    21 ||    85
Dodge: Dodged            |    48 |    21 ||    69
Block: Buckler           |    35 |    21 ||    56

Table legend: (Time is in decaauts)
 A = Elapsed time spent in this place.
 B = Non-inter-level travel time spent in this place.
 C = Inter-level travel time spent in this place.
 D = Time resting spent in this place.
 E = Time spent auto-exploring this place.
 F = Levels seen in this place.
 G = Mean time per level.
                   A        B        C        D        E       F      G
               +--------+--------+--------+--------+--------+-----+--------+
         Total |   2170 |   2082 |     88 |    231 |   1320 |   3 |  723.3 |
       Dungeon |   2170 |   2082 |     88 |    231 |   1320 |   3 |  723.3 |
               +--------+--------+--------+--------+--------+-----+--------+

Top non-repeatable levels by time:
     D:1: 1172 daAuts
     D:2: 966 daAuts
     D:3: 31 daAuts
